 Dungeon Crawl Stone Soup version 0.28-a0-1524-ge72afd5fc6 (webtiles) character file.

Game seed: 2037145728866163463

2 psuckher the Sneak (level 1, 0/15 (18) HPs)
             Began as a Barachi Delver on Jan 17, 2022.
             Was a Follower of Yredelemnul.
             Slain by a kobold brigand (1 damage)
             ... on level 5 of the Dungeon.
             The game lasted 00:01:11 (128 turns).

psuckher the Sneak (Barachi Delver)                  Turns: 128, Time: 00:01:12

HP:   0/15 (18)     AC:  3    Str: 13    XL:     1   Next: 30%
MP:   1/1           EV: 12    Int: 10    God:    Yredelemnul [*.....]
Gold: 13            SH:  0    Dex: 13    Spells: 0/0 levels left

rFire   . . .      SeeInvis .   a - +0 falchion
rCold   . . .      Faith    .   (no shield)
rNeg    . . .      Spirit   .   b - +0 leather armour
rPois   .          Reflect  .   (no helmet)
rElec   .          Harm     .   (no cloak)
rCorr   .          Rampage  .   (no gloves)
Will    .....                   (no boots)
Stlth   ++........              (no amulet)
HPRegen 0.05/turn               (no ring)
MPRegen 0.07/turn               (no ring)

@: heavily drained, slow
A: amphibious, slowness 1, strong legs 1, +LOS
a: Hop, Renounce Religion, Recall Undead Harvest


You were on level 5 of the Dungeon.
You worshipped Yredelemnul.
Yredelemnul was noncommittal.
You visited 1 branch of the dungeon, and saw 1 of its levels.

You collected 13 gold pieces.

Inventory:

Hand Weapons
 a - a +0 falchion (weapon)
Armour
 b - a +0 leather armour (worn)
Wands
 g - a wand of digging (3)
Scrolls
 d - a scroll of magic mapping
Potions
 f - a potion of haste


   Skills:
 + Level 3.6 Fighting
 + Level 2.7 Long Blades
 + Level 2.1 Dodging
 + Level 4.5 Stealth


You couldn't memorise any spells.
You didn't know any spells.
Your spell library was empty.

Dungeon Overview and Level Annotations

Branches:
Dungeon (5/15)
 Temple: D:4-7

Altars:
Hepliaklqana
Yredelemnul

Shops:
D:5 !


Innate Abilities, Weirdness & Mutations

You are amphibious.
You cover ground slowly.
You can hop short distances.
You have an extended range of vision and can be seen from far away.


Message History

You barely miss the orc. The orc barely misses you.
You closely miss the orc. The orc barely misses you.
You hit the orc.
The orc is heavily wounded.
The orc barely misses you.
You slash the orc!
You kill the orc!
Found a faded altar of an unknown god and a hazy altar of Hepliaklqana.
A kobold brigand comes into view.
It is wielding a +2 dagger of draining and carrying a wand of charming (6).
As you read the scroll of fog, it crumbles to dust.
The scroll dissolves into smoke.
There is a faded altar of an unknown god here.
You cannot tell which god this altar belongs to.
Convert to them anyway?
Yredelemnul accepts your prayer! Yredelemnul welcomes you!
You can now reap souls.
You can now recall your undead harvest.
You swap places.
The kobold brigand shouts!
You closely miss the kobold brigand.
The kobold brigand hits you with a +2 dagger of draining.
You feel drained.
Your centaur zombie hits the kobold brigand.
Your centaur zombie misses the kobold brigand.
You closely miss the kobold brigand.
The kobold brigand is lightly wounded.
Your centaur zombie hits the kobold brigand.
Your centaur zombie closely misses the kobold brigand.
The kobold brigand hits you with a +2 dagger of draining.
You feel drained.
Your howler monkey zombie closely misses the kobold brigand.
You hit the kobold brigand.
The kobold brigand is moderately wounded.
Your centaur zombie closely misses the kobold brigand.
Your centaur zombie kicks the kobold brigand but does no damage.
The kobold brigand hits you with a +2 dagger of draining!
Ouch! That really hurt!
* * * LOW HITPOINT WARNING * * *
You feel drained.
You die...
Your body rises from the dead as a mindless zombie.

##....## #§§§#
#.....### #§§§#
#....#..####§§§#
#...###....#§§§#
##.........#§§§#
#......#####§§§#####
##.######...§§§§§§§.#
#..# #._..§#§§§§.#
##.## #.....Z@Z§§.#
...# #####..K#####
...### #...# .#...#
#.8.# #....## #...#
......# #####
#..#.... .#.##....
...# #....


You could see a kobold brigand (ally target), a friendly centaur zombie and a
friendly howler monkey zombie.

Vanquished Creatures
  An orc (D:5)
1 creature vanquished.

Notes
Turn   | Place    | Note
-------+----------+-------------------------------------------
     0 | D:5      | psuckher the Barachi Delver began the quest for the Orb.
     0 | D:5      | Reached XP level 1. HP: 18/18 MP: 1/1
    22 | D:5      | Found Zassapi's Distillery.
   109 | D:5      | Found a faded altar of an unknown god.
   109 | D:5      | Found a hazy altar of Hepliaklqana.
   111 | D:5      | Noticed a kobold brigand
   120 | D:5      | Prayed at the altar of an unknown god.
   120 | D:5      | Became a worshipper of Yredelemnul the Dark
   120 | D:5      | Reached * piety under Yredelemnul
   128 | D:5      | Slain by a kobold brigand

Illustrated notes

Levels and vault maps discovered:
D:5:      layout_cave_pods, beargit_hepliaklqana_dungeon_heroes, serial_shops,
          shop, shop, nicolae_take_the_stairs, nicolae_shop_advertising_works
          [nicolae_subvault_shop_adworks], guppyfry_shop_venom, uniq_sigmund

Action                   || total
-------------------------++-------
Melee: Falchion          ||     7
  Use: Scroll            ||     2
Dodge: Dodged            ||     4

Table legend: (Time is in decaauts)
 A = Elapsed time spent in this place.
 B = Non-inter-level travel time spent in this place.
 C = Inter-level travel time spent in this place.
 D = Time resting spent in this place.
 E = Time spent auto-exploring this place.
 F = Levels seen in this place.
 G = Mean time per level.
                   A        B        C        D        E       F      G
               +--------+--------+--------+--------+--------+-----+--------+
         Total |    152 |    148 |      4 |      0 |      0 |   1 |  152.0 |
       Dungeon |    152 |    148 |      4 |      0 |      0 |   1 |  152.0 |
               +--------+--------+--------+--------+--------+-----+--------+

Top non-repeatable levels by time:
     D:5: 152 daAuts
